 Dungeon Crawl Stone Soup version 0.30-a0-381-g6ea064c7b4 (webtiles) character file.

Game seed: 12429210795106016617

43 qeuew the Trooper (level 3, 0/33 HPs)
             Began as a Hill Orc Fighter on Dec 2, 2022.
             Slain by a gnoll
             ... wielding a +0 halberd
              (2 damage)
             ... on level 2 of the Dungeon.
             The game lasted 00:01:23 (1286 turns).

qeuew the Trooper (Hill Orc Fighter)                Turns: 1286, Time: 00:01:24

Health: 0/33       AC:  6    Str: 20    XL:     3   Next: 58%
Magic:  3/3        EV:  9    Int:  8    God:
Gold:   52         SH:  4    Dex: 10    Spells: 2/2 levels left

rFire   . . .      SeeInvis .    a - +0 war axe
rCold   . . .      Faith    .    c - +0 buckler
rNeg    + . .      Spirit   .    b - +0 scale mail
rPois   .          Reflect  .    (no helmet)
rElec   .          Harm     .    (no cloak)
rCorr   .          Rampage  .    (no gloves)
Will    .....                    (no boots)
Stlth   ..........               (no amulet)
HPRegen 0.25/turn                f - ring of positive energy
MPRegen 0.08/turn                (no ring)

@: mighty
A: no striking features
a: no special abilities


You were on level 2 of the Dungeon.
You visited 1 branch of the dungeon, and saw 2 of its levels.

You collected 52 gold pieces.

Inventory:

Hand Weapons
 a - a +0 war axe (weapon)
Armour
 b - a +0 scale mail (worn)
 c - a +0 buckler (worn)
Jewellery
 f - a ring of positive energy (left hand)
Scrolls
 e - a scroll of fog {unknown}
 h - 2 scrolls of fear
 i - 2 scrolls of teleportation {unknown}
Potions
 g - a potion of cancellation {unknown}
 j - a potion of curing {unknown}
 k - a potion of flight {unknown}


   Skills:
 + Level 4.0 Fighting
 + Level 3.3 Axes
 + Level 3.6 Armour
 + Level 0.9 Dodging
 + Level 3.6 Shields


You had 2 spell levels left.
You didn't know any spells.
Your spell library was empty.

Dungeon Overview and Level Annotations

Branches:
Dungeon (2/15)

Altars:


Message History

You slash the gnoll!
The gnoll is severely wounded.
The gnoll closely misses you. x2; You block the gnoll's attack.
The gnoll misses you.
You closely miss the gnoll.
The gnoll is severely wounded.
The gnoll barely misses you. The gnoll closely misses you.
You barely miss the gnoll.
The gnoll is severely wounded.
The gnoll hits you with a +0 halberd. You block the gnoll's attack.
The gnoll closely misses you. x2
You barely miss the gnoll.
The gnoll is severely wounded.
The gnoll closely misses you.
The gnoll hits you from afar with a +0 halberd!
You hit the gnoll but do no damage.
The gnoll is severely wounded.
The gnoll hits you but does no damage. You block the gnoll's attack.
You hit the gnoll.
The gnoll is almost dead.
The gnoll hits you with a +0 halberd.
The gnoll hits you from afar with a +0 halberd!
* * * LOW HITPOINT WARNING * * *
The gnoll misses you. You block the gnoll's attack.
You are too injured to fight recklessly!
You are too injured to fight recklessly!
You are too injured to fight recklessly!
You are too injured to fight recklessly!
You are too injured to fight recklessly!
You are too injured to fight recklessly!
You are too injured to fight recklessly!
You are too injured to fight recklessly!
You are too injured to fight recklessly!
You are too injured to fight recklessly!
You are too injured to fight recklessly!
You feel very mighty all of a sudden. The gnoll hits you with a +0 halberd.
* * * LOW HITPOINT WARNING * * *
The gnoll hits you from afar with a +0 halberd.
You die...

..##.# .....# .##### .#
.# .# ####### .########
# #.....#
........####..###.....#
..........# #ggg@.....#
........#.# #[###.....#
.########.# #.#
#>....##.# .## #.# #.#
##.......# ..# #.###.##
#..†....# .##
#.##...###.####.... .#
#.#.....#.....# .## .#
#..........##.<.).
.##########.....##.#
#..#


You could see 3 gnolls.

Vanquished Creatures
  2 adders (D:2)
  3 ball pythons (D:1)
  A bat (D:2)
  3 endoplasms
  3 goblins (D:1)
  5 hobgoblins
  A quokka (D:2)
  A frilled lizard (D:2)
  3 kobolds
  A rat (D:1)
23 creatures vanquished.

Notes
Turn   | Place    | Note
-------+----------+-------------------------------------------
     0 | D:1      | qeuew the Hill Orc Fighter began the quest for the Orb.
     0 | D:1      | Reached XP level 1. HP: 19/19 MP: 1/1
   102 | D:1      | Reached XP level 2. HP: 27/27 MP: 2/2
   217 | D:1      | You fall into a shaft and drop 1 floor!
   988 | D:2      | Reached skill level 4 in Fighting
   988 | D:2      | Reached XP level 3. HP: 7/33 MP: 3/3
  1286 | D:2      | Slain by a gnoll

Illustrated notes

Levels and vault maps discovered:
D:1:      heliophobic_arrival_dark_side_of_the_moon, layout_basic,
          reono_crystal_passage
D:2:      layout_loops_cross

Skill      XL: |  1  2 |
---------------+-------+-----
Axes           | 3 |  3.3
Fighting       | 4 |  4.0
Armour         | |  3.6
Dodging        | |  0.9
Shields        | |  3.6

Action                   || total
-------------------------++-------
Melee: War axe           ||    72
  Use: Scroll            ||     3
       Potion            ||     1
Armor: Scale mail        ||    32
Dodge: Dodged            ||    43
Block: Buckler           ||    17

Table legend: (Time is in decaauts)
 A = Elapsed time spent in this place.
 B = Non-inter-level travel time spent in this place.
 C = Inter-level travel time spent in this place.
 D = Time resting spent in this place.
 E = Time spent auto-exploring this place.
 F = Levels seen in this place.
 G = Mean time per level.
                   A        B        C        D        E       F      G
               +--------+--------+--------+--------+--------+-----+--------+
         Total |   1315 |   1249 |     66 |      0 |   1066 |   2 |  657.5 |
       Dungeon |   1315 |   1249 |     66 |      0 |   1066 |   2 |  657.5 |
               +--------+--------+--------+--------+--------+-----+--------+

Top non-repeatable levels by time:
     D:1: 902 daAuts
     D:2: 412 daAuts
